 Dungeon Crawl Stone Soup version 0.30-b1-2-g02819fbbbe (webtiles) character file.

Game seed: 2828024756287672745

8836 raph the Destroyer (level 11, 0/83 HPs)
             Began as a White Draconian Conjurer on Dec 30, 2023.
             Was a High Priest of Cheibriados.
             Slain by a killer bee (3 damage)
             ... on level 2 of the Lair of Beasts.
             The game lasted 00:23:35 (14966 turns).

raph the Destroyer (White Draconian Conjurer)      Turns: 14966, Time: 00:23:36

Health: 0/83       AC: 11    Str: 27    XL:     11   Next: 15%
Magic:  2/20       EV: 16    Int: 47    God:    Cheibriados [*****.]
Gold:   291        SH:  6    Dex: 22    Spells: 0/22 levels left

rFire   . . .        E - +6 rapier of Cojad {elec, Will- Str+5}
rCold   + . .        d - +0 buckler of Defence {Int+2}
rNeg    . . .        (body armour unavailable)
rPois   .            (helmet restricted)
rElec   .            w - +0 cloak of the Twelve Orbs {Int+2}
rCorr   +            r - +2 pair of gloves {Stlth+}
SInv    .            (no boots)
Will    .....        (no amulet)
Stlth   +++          h - ring of resist corrosion
HPRegen 0.33/turn    p - +6 ring of intelligence
MPRegen 0.17/turn

%: no passive effects
@: about to teleport, very slow
A: breathe frost, AC +7, unfitting armour, cold resistance 1, cold-blooded
a: Breathe Frost, Renounce Religion, Bend Time, Temporal Distortion, Slouch,
Step From Time


You were on level 2 of the Lair of Beasts.
You worshipped Cheibriados.
Cheibriados was extremely pleased with you.
You visited 2 branches of the dungeon, and saw 12 of its levels.
You also visited: Sewer.

You collected 606 gold pieces.
You spent 315 gold pieces at shops.

Inventory:

Hand Weapons
 y - a +2 falchion of holy wrath
 B - a +0 morningstar of pain
 E - the +6 rapier of Cojad (weapon) {elec, Will- Str+5}
   (You found it on level 8 of the Dungeon)

   Str:       It affects your strength (+5).
   Will:      It decreases your willpower.
Missiles
 a - 4 curare-tipped darts
 k - 34 poisoned darts
Armour
 d - the +0 buckler of Defence (worn) {Int+2}
   (You acquired it on level 3 of the Dungeon)

   Int:       It affects your intelligence (+2).
 r - a +2 pair of gloves of stealth (worn)
 w - the +0 cloak of the Twelve Orbs (worn) {Int+2}
   (You found it on level 5 of the Dungeon)

   Int:       It affects your intelligence (+2).
Magical Staves
 g - the staff of fire "Duemilown" {*Corrode rPois rF+ Str+2}
   (You found it on level 3 of the Dungeon)

   [staff of fire]

   Base accuracy: +5 Base damage: 5 Base attack delay: 1.2 This weapon's minimum
   attack delay (0.6) is reached at skill level 12.
   Str:       It affects your strength (+2).
   rF:        It protects you from fire.
   rPois:     It protects you from poison.
   *Corrode:  It may corrode you when you take damage.
   It falls into the 'Staves' category.
   It is a one-handed weapon.
 v - a staff of cold
Jewellery
 h - a ring of resist corrosion (left hand)
 p - a +6 ring of intelligence (right hand)
 q - a ring of ice
 D - a ring of positive energy
 F - a +6 ring of strength
 G - a ring of wizardry
 H - a ring of wizardry
Wands
 b - a wand of flame (11)
 z - a wand of mindburst (12)
 C - a wand of iceblast (2)
Scrolls
 c - a scroll of fog {unknown}
 e - 2 scrolls of teleportation
 f - a scroll of silence
 u - a scroll of magic mapping
 A - 4 scrolls of identify
 I - a scroll of enchant weapon {unknown}
Potions
 i - 3 potions of cancellation {unknown}
 j - a potion of lignification
 l - 2 potions of curing
 m - a potion of might {unknown}
 n - 2 potions of flight
 o - 3 potions of brilliance
 s - 2 potions of magic
 t - a potion of degeneration {unknown}
 x - 2 potions of attraction {unknown}


   Skills:
 + Level 3.9 Fighting
 + Level 5.9 Dodging
 - Level 1.7 Stealth
 + Level 6.0 Shields
 + Level 6.0 Spellcasting
 * Level 10.3 Conjurations
 + Level 5.5 Hexes
 + Level 3.5 Necromancy
 + Level 5.9 Ice Magic
 * Level 2.4 Invocations


You couldn't memorise any spells.
You knew the following spells:

 Your Spells              Type           Power      Damage    Failure   Level
a - Magic Dart            Conj           100%       1d8       1%          1
b - Searing Ray           Conj           100%       2d8       1%          2
c - Dazzling Flash        Conj/Hex       100%       N/A       1%          3
d - Fulminant Prism       Conj/Hex       36%        3d17      1%          4
e - Ozocubu's Armour      Ice            63%        N/A       1%          3
f - Iskenderun's Mystic   Conj/Tloc      58%        2d12      2%          4
g - Freezing Cloud        Conj/Ice/Air   30%        6-21      5%          5

Your spell library contained the following spells:

 Spells                   Type           Power      Damage    Failure   Level
 Kiss of Death            Conj/Necr      100%       2d13      1%          1
 Summon Small Mammal      Summ           56%        N/A       1%          1
 Cigotuvi's Dreadful Rot  Necr/Pois/Air  50%        N/A       1%          2
 Confusing Touch          Hex            60%        N/A       1%          3
 Mephitic Cloud           Conj/Pois/Air  46%        N/A       1%          3
 Summon Guardian Golem    Hex/Summ       40%        N/A       1%          3
 Poisonous Vapours        Pois/Air       28%        N/A       2%          2
 Dispel Undead            Necr           47%        3d18      4%          4
 Metabolic Englaciation   Hex/Ice        30%        N/A       4%          5
 Call Canine Familiar     Summ           14%        N/A       5%          3
 Simulacrum               Ice/Necr       27%        N/A       38%         6
 Death Channel            Necr           23%        N/A       56%         6


Dungeon Overview and Level Annotations

Branches:
Dungeon (10/15)            Temple (0/1) D:6            Lair (1/5) D:9
  Sewer (visited)
    Orc: D:9-12

Altars:
Cheibriados
Hepliaklqana
Qazlal
Yredelemnul

Shops:
D:2 (   D:8 (:

Annotations:
D:9 6 runed translucent doors, Megalobster's ghost, novice MiBe; Melkor's ghost, novice GrEE


Innate Abilities, Weirdness & Mutations

You can breathe waves of freezing cold which knock back foes.
Your icy white scales are hard. (AC +7)
You cannot fit into any form of body armour.
Your flesh is cold resistant. (rC+)
You are cold-blooded and may be slowed by cold attacks.


Message History

You warp the flow of time around you!
Cheibriados lowers the support of your attributes as your movement quickens.
As you read the scroll of teleportation, it crumbles to dust.
You feel strangely unstable.
Your surroundings suddenly seem different. 4 killer bees come into view.
Found a potion of ambrosia and a yak corpse.
The killer bee buzzes angrily.
You hear an angry buzzing noise.
The killer bee buzzes angrily.
You hear an angry buzzing noise. x5
A killer bee comes into view. x3
The killer bee misses you. You block the killer bee's attack.
The killer bee barely misses you. You block the killer bee's attack.
The killer bee moves out of view. x2
You hear an angry buzzing noise.
The killer bee buzzes angrily.
You hear an angry buzzing noise. x2
The killer bee attacks as you move away!
The killer bee closely misses you.
You hear an angry buzzing noise.
The killer bee closely misses you. The killer bee barely misses you.
The killer bee stings you but does no damage.
A killer bee comes into view.
You block the killer bee's attack. The killer bee completely misses you.
The killer bee closely misses you.
You hear an angry buzzing noise.
The killer bee buzzes angrily.
As you read the scroll of teleportation, it crumbles to dust.
You feel strangely unstable.
You hear an angry buzzing noise.
You hear an angry hiss.
The killer bee completely misses you. The killer bee closely misses you.
The killer bee stings you.
* * * LOW HITPOINT WARNING * * *
The killer bee stings the plant.
The plant begins to die.
The killer bee stings you but does no damage.
You hear an angry buzzing noise. x2
Okay, then.
Okay, then.
The killer bee attacks as you move away!
The killer bee stings you.
* * * LOW HITPOINT WARNING * * *
The killer bee stings the plant!
The killer bee stings you.
You die...

##
##.##P#######
#.....@yyy..#
#...###P#y.P.#
. ####y#.# y#
.. !# # y# .#
##


You could see 5 killer bees.

Vanquished Creatures
  A black mamba (Lair:1)
  An elephant (Lair:2)
  A cane toad (Lair:1)
  An unseen horror zombie (D:9)
  A wraith (D:9)
  3 wyverns
  20 yaks
  2 steam dragons
  2 water moccasins
  2 orc warriors
  A sky beast (D:7)
  4 ice beasts
  2 black bears
  A centaur (D:6)
  4 ogres
  10 kobold brigands
  3 bullfrogs
  2 scorpions
  7 wights
  4 howler monkeys (D:7)
  A centaur zombie (D:9)
  2 jellies (D:4)
  3 hounds
  2 gnoll boudas
  4 orc priests
  An iguana (D:4)
  10 orc wizards
  6 gnolls
  7 adders
  3 river rats (Sewer)
  4 ufetubi
  4 worms
  2 dart slugs
  29 orcs
  9 endoplasms
  3 giant cockroaches
  5 goblins
  5 hobgoblins
  9 quokkas
  6 ball pythons
  5 bats
  3 frilled lizards
  22 kobolds
  10 rats
227 creatures vanquished.

Vanquished Creatures (others)
  28 fulminant prisms
  A fungus (Lair:2)
29 creatures vanquished.

Grand Total: 256 creatures vanquished

Notes
Turn   | Place    | Note
-------+----------+-------------------------------------------
     0 | D:1      | raph the Draconian Conjurer began the quest for the Orb.
     0 | D:1      | Reached XP level 1. HP: 14/14 MP: 3/3
   451 | D:1      | Reached XP level 2. HP: 20/20 MP: 0/5
   454 | D:1      | Learned a level 2 spell: Searing Ray
   954 | D:2      | Found a snail-covered altar of Cheibriados.
   960 | D:2      | Became a worshipper of Cheibriados the Contemplative
  1042 | D:2      | Reached skill level 5 in Conjurations
  1138 | D:2      | Reached XP level 3. HP: 26/26 MP: 3/6
  1340 | D:2      | Learned a level 3 spell: Dazzling Flash
  1583 | D:2      | Found Diuf Xusk's Antique Weapon Shop.
  1825 | D:3      | Identified a scroll of acquirement
  1825 | D:3      | Acquired the +0 buckler of Defence {Int+2}
  1995 | D:3      | Reached * piety under Cheibriados
  2045 | D:3      | Identified the staff of fire "Duemilown" {*Corrode rPois
                  | rF+ Str+2}
  2136 | D:3      | Found a faded altar of an unknown god.
  2204 | D:3      | Reached XP level 4. HP: 33/33 MP: 0/7
  2984 | D:3      | Found a stormy altar of Qazlal.
  2984 | D:3      | Found a hazy altar of Hepliaklqana.
  3546 | D:4      | You fall into a shaft and drop 1 floor!
  3546 | D:5      | Entered Level 5 of the Dungeon
  3750 | D:5      | Found a glowing drain.
  3754 | Sewer    | Entered a sewer
  3875 | Sewer    | Noticed a kobold brigand
  3890 | Sewer    | Killed a kobold brigand
  3891 | Sewer    | Reached skill level 1 in Shields
  3891 | Sewer    | Reached XP level 5. HP: 11/38 MP: 5/8
  4110 | Sewer    | Reached ** piety under Cheibriados
  4132 | Sewer    | Reached skill level 6 in Conjurations
  4263 | Sewer    | Reached XP level 6. HP: 11/45 MP: 2/10
  4820 | Sewer    | Learned a level 4 spell: Fulminant Prism
  5035 | Sewer    | Reached skill level 1 in Hexes
  5345 | Sewer    | Your scales start taking on an icy white colour.
  5345 | Sewer    | Reached XP level 7. HP: 48/50 MP: 2/11
  5345 | Sewer    | Gained mutation: Your flesh is cold resistant. (rC+) [White
                  | Draconian growth]
  5879 | D:5      | Reached skill level 7 in Conjurations
  5898 | D:5      | Reached *** piety under Cheibriados
  6060 | D:4      | Found Nifrify's Gadget Gallery.
  6216 | D:4      | Learned a level 3 spell: Ozocubu's Armour
  6281 | D:4      | Reached XP level 8. HP: 57/57 MP: 9/13
  6447 | D:4      | Reached skill level 1 in Ice Magic
  6746 | D:2      | Bought a slimy falchion for 168 gold pieces
  6746 | D:2      | Identified the +11 falchion of Heloawn {speed, rElec rC+
                  | Str+2 Stlth+} (You bought it in a shop on level 2 of the
                  | Dungeon)
  7292 | D:4      | Reached **** piety under Cheibriados
  7586 | D:5      | Identified the +0 cloak of the Twelve Orbs {Int+2}
  7839 | D:6      | Found a staircase to the Ecumenical Temple.
  8175 | D:6      | Reached skill level 8 in Conjurations
  8573 | D:6      | Reached XP level 9. HP: 62/62 MP: 2/15
  9123 | D:6      | Reached ***** piety under Cheibriados
  9285 | D:6      | Learned a level 4 spell: Iskenderun's Mystic Blast
  9365 | D:6      | Identified the +0 mace of Inconvenience {elec, Will- Dex+5}
 10084 | D:2      | Bought a glowing morningstar for 147 gold pieces
 10647 | D:7      | Reached skill level 5 in Spellcasting
 11043 | D:8      | Reached skill level 1 in Fighting
 11043 | D:8      | Reached skill level 9 in Conjurations
 11043 | D:8      | Reached skill level 1 in Necromancy
 11341 | D:8      | Reached skill level 5 in Dodging
 11344 | D:8      | Reached skill level 5 in Shields
 11346 | D:8      | Reached XP level 10. HP: 63/73 MP: 8/17
 11861 | D:8      | Found Valuremp's Book Boutique.
 11958 | D:8      | Identified the +1 leather armour of Winter {Str+3}
 11982 | D:8      | Identified the +6 rapier of Cojad {elec, Will- Str+5}
 12093 | D:8      | Found Yriol's Weapon Shoppe.
 12504 | D:9      | Reached skill level 5 in Ice Magic
 12513 | D:9      | Reached skill level 5 in Hexes
 12820 | D:9      | Found a runed translucent gate.
 12820 | D:9      | Found a runed translucent gate.
 12820 | D:9      | Found a runed translucent gate.
 12820 | D:9      | Noticed Megalobster's ghost (novice MiBe)
 12822 | D:9      | Found a basalt altar of Yredelemnul.
 13095 | D:9      | Found a runed translucent gate.
 13095 | D:9      | Found a runed translucent gate.
 13095 | D:9      | Found a runed translucent gate.
 13109 | D:9      | HP: 1/77 [wyvern (5)]
 13111 | D:9      | Reached skill level 10 in Conjurations
 13342 | D:9      | Noticed Melkor's ghost (novice GrEE)
 13668 | D:9      | Found a staircase to the Lair.
 13992 | D:10     | Entered Level 10 of the Dungeon
 14006 | D:10     | Reached ****** piety under Cheibriados
 14007 | D:10     | Reached skill level 1 in Invocations
 14210 | Lair:1   | Entered Level 1 of the Lair of Beasts
 14292 | Lair:1   | Noticed a cane toad
 14304 | Lair:1   | Killed a cane toad
 14511 | Lair:1   | Reached XP level 11. HP: 66/83 MP: 6/19
 14789 | Lair:1   | Learned a level 5 spell: Freezing Cloud
 14930 | Lair:1   | You fall into a shaft and drop 1 floor!
 14961 | Lair:2   | HP: 4/83 [komodo dragon (11)]
 14966 | Lair:2   | HP: 2/83 [killer bee (3)]
 14966 | Lair:2   | Slain by a killer bee

Illustrated notes

Levels and vault maps discovered:
D:1:      wander_arrival_estate, layout_loops_ring
D:2:      layout_basic, serial_shops, shop, basic_altar, moated_statue
D:3:      layout_loops_ring, gammafunk_temple_overflow_pools,
          hellmonk_ecumenical_altar_heavens_door, minivault_11,
          ebering_dispersal_statue_hall
D:4:      minmay_diamond_boxcup, layout_loops_cross, nicolae_shop_gadgets
D:5:      layout_loops_cross, gup_sewer_entry_bowl, minmay_misc_feat_cross
D:6:      layout_basic, temple_pool_b
D:7:      layout_gridville, corner_web_ring, minivault_24
D:8:      layout_basic, serial_shops, shop, shop, enter_bailey_4
D:9:      layout_basic, nicolae_yredelemnul_ghost_church, lair_entry_dummy,
          ebering_ghost_rock_garden
D:10:     layout_gridville, serial_bayou, serial_bayou_ford_a,
          serial_bayou_shore_b, serial_bayou_shore_b, serial_bayou_pond_e
Lair:1:   layout_cave_pods, uniq_urug
Lair:2:   statuecave_lemuel, layout_loops_ring, special_room [special_room_bee],
          serial_bayou_shore_a

Skill      XL: |  1  2  3  4  5  6  7  8  9 10 11 |
---------------+----------------------------------+-----
Conjurations   | 5 6 7 8 9 10 | 10.3
Dodging        | 2 3 4 5 |  5.9
Shields        | 1 2 3 4 5 6 |  6.0
Spellcasting   | 3 4 5 6 |  6.0
Hexes          | 1 2 3 4 5 |  5.5
Ice Magic      | 2 4 5 |  5.9
Fighting       | 2 3 |  3.9
Necromancy     | 1 3 |  3.5
Invocations    | 1 2 |  2.4
Stealth        | |  1.7

Action                     |  1- 3 |  4- 6 |  7- 9 | 10-12 || total
---------------------------+-------+-------+-------+-------++-------
  Melee: Short sword       |     6 |    11 |    17 |       ||    34
         Tailslap          |     1 |     1 |     4 |     5 ||    11
         Falchion          |       |       |    10 |       ||    10
         Morningstar       |       |       |    14 |     3 ||    17
         Rapier            |       |       |       |    17 ||    17
  Throw: Dart              |       |     5 |       |       ||     5
   Cast: Magic Dart        |    31 |    35 |    50 |    14 ||   130
         Searing Ray       |    14 |    25 |    50 |    26 ||   115
         Fulminant Prism   |       |     4 |    18 |     6 ||    28
         Iskenderun's Myst |       |       |     1 |    10 ||    11
         Ozocubu's Armour  |       |       |       |     1 ||     1
 Invoke: Bend Time         |       |       |       |     4 ||     4
         Slouch            |       |       |       |     1 ||     1
         Temporal Distorti |       |       |       |     1 ||     1
Ability: Breathe Frost     |       |       |    11 |     8 ||    19
    Use: Scroll            |    10 |     5 |     2 |     3 ||    20
         Potion            |       |     3 |       |     2 ||     5
   Stab: Sleeping          |       |       |     1 |     2 ||     3
 Armour: Skin              |     6 |     6 |    30 |    63 ||   105
  Dodge: Dodged            |    12 |    21 |    58 |   113 ||   204
  Block: Buckler           |     1 |     5 |    20 |    52 ||    78
